AoeStats
← LKS339952

Arena

509253173Analyzed
1v1 RM · 6d ago on Sep 26, 2026· 69m 18s· 2 players
Game mode
Random Map
Map size
Tiny (2 player)
Population
200
Speed
Normal
Resources
Standard
Victory
Conquest
Starting age
Dark Age
Ending age
Imperial Age
RankedLock teamsTeams togetherTeam positionsShared explorationLock speedFull tech treeHidden civsTurbo modeCheats
Victory
Defeat
🇪🇸 Spanish · Spain
371
+9
🇦🇷 Byzantines · Argentina
216
-9
LKS339952
10:44 Feudal Age
12:44 Wheelbarrow
11:57 Double-Bit Axe
16:47 Scale Mail Armor
16:44 Horse Collar
21:02 Gold Mining
21:58 Scale Barding Armor
22:03 Forging
27:44 Castle Age
26:59 Stone Mining
26:50 Man-at-Arms
29:02 Gambesons
29:08 Arson
32:39 Squires
32:06 Long Swordsman
33:17 Forging
38:28 Iron Casting
38:08 Chain Mail Armor
38:13 Chain Barding Armor
37:21 Pikeman
38:36 Chain Barding Armor
37:49 Light Cavalry
38:46 Husbandry
46:46 Gold Shaft Mining
46:46 Stone Shaft Mining
46:16 Heavy Plow
46:29 Bow Saw
56:49 Imperial Age
57:46 Two-Handed Swordsman
58:27 Hussar
58:27 Cavalier
63:09 Hand Cart
QuenelleBoy92
10:29 Loom
13:01 Feudal Age
13:32 Double-Bit Axe
14:39 Wheelbarrow
14:59 Horse Collar
23:09 Castle Age
21:24 Gold Mining
21:29 Stone Mining
21:15 Man-at-Arms
22:45 Bloodlines
22:29 Fletching
23:27 Arson
24:06 Forging
23:57 Scale Mail Armor
24:03 Scale Barding Armor
24:23 Bow Saw
24:39 Hand Cart
24:38 Long Swordsman
24:39 Pikeman
32:17 Imperial Age
29:43 Town Watch
31:48 Town Patrol
33:28 Cavalier
34:09 Husbandry
34:41 Chain Barding Armor
34:59 Iron Casting
34:39 Chain Mail Armor
34:21 Bodkin Arrow
34:23 Gambesons
34:39 Squires
34:00 Halberdier
34:00 Two-Handed Swordsman
36:25 Inquisition
36:59 Champion
38:59 Stone Shaft Mining
41:00 Ballistics
40:53 Bracer
40:54 Padded Archer Armor
41:56 Blast Furnace
41:27 Plate Mail Armor
41:34 Plate Barding Armor
41:47 Elite Conquistador
44:07 Paladin
45:11 Fervor
45:16 Block Printing
45:02 Atonement
45:14 Redemption
45:26 Sanctity
45:07 Devotion
45:33 Illumination
45:49 Theocracy
46:03 Leather Archer Armor
58:37 Capped Ram
58:39 Onager
60:17 Siege Ram
Connection lost

Rejoining the realm…

Still unreachable

The connection could not be restored.

Session expired

The server has moved on; the page needs a fresh start.